 Dungeon Crawl Stone Soup version 0.31.0-9-g3a7656b989 (webtiles) character file.

Game seed: 15301821637174390428

204 qw the Skirmisher (level 5, 0/29 HPs)
             Began as a Deep Elf Hunter on Feb 2, 2024.
             Shot with an arrow by a centaur (7 damage)
             ... on level 4 of the Dungeon.
             The game lasted 00:00:11 (2600 turns).

qw the Skirmisher (Deep Elf Hunter)                 Turns: 2600, Time: 00:00:11

Health: 0/29       AC: 13    Str: 10    XL:     5   Next: 52%
Magic:  7/7        EV: 11    Int: 14    God:
Gold:   127        SH:  5    Dex: 18    Spells: 4/4 levels left

rFire   . . .        a - +0 shortbow
rCold   . . .        (shield currently unavailable)
rNeg    . . .        b - +0 ring mail
rPois   +            g - +1 helmet
rElec   .            (no cloak)
rCorr   .            h - +0 pair of gloves
SInv    .            j - +0 pair of boots
Will    .....        n - amulet of reflection
Stlth   +            d - +4 ring of protection
HPRegen 0.24/turn    k - ring of poison resistance
MPRegen 0.10/turn

%: reflection
@: hasted, very quick
A: no striking features
a: no special abilities


You were on level 4 of the Dungeon.
You visited 2 branches of the dungeon, and saw 5 of its levels.

You collected 127 gold pieces.


   Skills:
 - Level 1.5 Fighting
 + Level 8.8 Ranged Weapons
 - Level 1.0 Armour
 - Level 2.4 Dodging
 - Level 1.2 Stealth


You had 4 spell levels left.
You didn't know any spells.
Your spell library was empty.

Inventory:

Hand Weapons
 a - a +0 shortbow (weapon)
Armour
 b - a +0 ring mail (worn)
 g - a +1 helmet (worn)
 h - a +0 pair of gloves (worn)
 j - a +0 pair of boots (worn)
Jewellery
 d - a +4 ring of protection (left hand)
 k - a ring of poison resistance (right hand)
 n - an amulet of reflection (around neck)
Wands
 r - a wand of flame (17)
Scrolls
 c - a scroll of immolation {unknown}
Potions
 e - a potion of might
 f - a potion of enlightenment
 m - a potion of cancellation
 o - a potion of attraction {unknown}

Dungeon Overview and Level Annotations

Branches:
Dungeon (4/15)             Temple (1/1) D:4

Altars:
Ashenzari
Dithmenos
Hepliaklqana
Makhleb
Nemelex Xobeh
Sif Muna
Trog
Wu Jian
Xom
Zin
The Shining One

Shops:
D:3 =


Message History

c - a scroll labelled AGIZOY REVODD You now have 112 gold pieces (gained 16).
You see here a staff of air.
You now have 127 gold pieces (gained 15).
i - a potion of haste
Found a dagger.
You see here a +0 dagger.
You see here a +0 dagger. 2 centaurs come into view.
Found a manual of Throwing.
The centaur shouts! x2
The centaur wields a +0 orcbow.
The centaur shoots an arrow.
The arrow hits you.
The centaur moves out of view.
2593 ||| DRINKING potion of haste.
You feel yourself speed up.
The centaur shoots an arrow.
The arrow hits you but does no damage.
You shoot an arrow.
The arrow hits the centaur but does no damage.
The centaur wields a +0 orcbow.
The centaur shoots an arrow.
The arrow barely misses you.
You shoot an arrow. The arrow barely misses the centaur.
The centaur shoots an arrow.
The arrow closely misses you.
You shoot an arrow. The arrow hits the centaur.
The centaur is lightly wounded.
The centaur shoots an arrow.
The arrow hits you!
You shoot an arrow. The arrow barely misses the centaur.
The centaur shoots an arrow.
The arrow misses you.
You shoot an arrow. The arrow hits the centaur.
The centaur is lightly wounded.
You shoot an arrow. The arrow hits the centaur!
The centaur is heavily wounded.
A goblin comes into view. It is wielding a +0 dagger.
The centaur shoots an arrow.
The arrow hits you.
The goblin shouts!
You shoot an arrow.
The arrow hits the centaur but does no damage.
The centaur is heavily wounded.
The centaur unwields a +0 orcbow.
The centaur hits you.
The centaur kicks you but does no damage.
The centaur shoots an arrow.
The arrow hits you!
You die...

#.#...#.# #.
##.#...#... #.# #.
...#...#.#.# #.#
#. #............
... [...#.##.. #.#
... ..#......#
..##.# ##..#.#
.#..##.#.#
....#.#..g..:.c.c#
.#...... #.
#@#####.# ..#.###.
#. ##.......#
..#....
..##.##..#######
##..#.# #........#
...## # ##......#
.### ######.# .#
#.# .# ####.####
## #.....).#


You could see 2 centaurs and a goblin.

Vanquished Creatures
  An iguana (D:4)
  Natasha (thrice) (D:3)
  3 adders
  2 ribbon worms (D:2)
  A dart slug (D:2)
  7 ball pythons
  7 bats
  4 endoplasms
  4 giant cockroaches
  8 goblins
  6 hobgoblins
  6 jackals
  3 kobolds
  4 quokkas
  2 frilled lizards
  7 rats
68 creatures vanquished.

Notes
Turn   | Place    | Note
-------+----------+-------------------------------------------
     0 | D:1      | qw the Deep Elf Hunter began the quest for the Orb.
     0 | D:1      | Reached XP level 1. HP: 12/12 MP: 3/3
     0 | D:1      | 0 ||| qw: Version: 0.3-a-155-g5e7d8dd
     0 | D:1      | 0 ||| qw: Game counter: 1281
     0 | D:1      | 0 ||| qw: Melee chars always use a shield: true
     0 | D:1      | 0 ||| qw: God list: Okawaru
     0 | D:1      | 0 ||| qw: Allow faded altars: false
     0 | D:1      | 0 ||| qw: Do Orc after clearing Dungeon:15 true
     0 | D:1      | 0 ||| qw: Do second Lair branch before Depths: true
     0 | D:1      | 0 ||| qw: Lair rune preference: random
     0 | D:1      | 0 ||| qw: Goals: Normal
     0 | D:1      | 0 ||| PLANNING D:1-11
   148 | D:1      | Reached skill level 6 in Ranged Weapons
   148 | D:1      | Reached XP level 2. HP: 16/16 MP: 4/4
   615 | D:1      | 615 ||| UPGRADING to +0 helmet.
   620 | D:1      | 620 ||| UPGRADING to +0 pair of boots.
   625 | D:1      | 625 ||| UPGRADING to +0 scale mail.
   635 | D:1      | 635 ||| DROPPING +0 leather armour.
   636 | D:1      | 636 ||| READING scroll labelled LAGAID LAYNE.
   641 | D:1      | 641 ||| READING 2 scrolls labelled GANAMA VA TIOM.
   641 | D:1      | 641 ||| IDENTIFYING green potion
   642 | D:1      | 642 ||| READING scroll of identify.
   642 | D:1      | 642 ||| IDENTIFYING bubbling blue potion
   643 | D:1      | 643 ||| READING scroll labelled GAIRUJETEN.
   672 | D:1      | 672 ||| READING scroll labelled HAUDIFRO PIMI.
   672 | D:1      | 672 ||| ENCHANTING +0 helmet.
   673 | D:1      | 673 ||| DRINKING 2 silvery potions.
   674 | D:1      | 674 ||| DROPPING scroll of butterflies.
   692 | D:2      | 692 ||| STAIRDANCE
   700 | D:2      | 700 ||| STAIRDANCE
   714 | D:2      | 714 ||| STAIRDANCE
   720 | D:1      | Reached XP level 3. HP: 20/20 MP: 5/5
   725 | D:2      | 725 ||| STAIRDANCE
   728 | D:1      | Reached skill level 7 in Ranged Weapons
   942 | D:2      | Reached XP level 4. HP: 25/25 MP: 6/6
  1013 | D:2      | Found a faded altar of an unknown god.
  1284 | D:2      | 1284 ||| UPGRADING to +0 ring mail.
  1294 | D:2      | 1294 ||| UPGRADING to +0 pair of gloves.
  1299 | D:2      | 1299 ||| DROPPING +0 scale mail.
  1300 | D:2      | 1300 ||| UPGRADING to +4 ring of protection.
  1301 | D:2      | 1301 ||| READING scroll labelled GIGACU OLALY.
  1303 | D:2      | 1303 ||| Stepping ~*~*~tactically~*~*~ (cloud).
  1466 | D:3      | Found Yqaddu's Jewellery Shoppe.
  1478 | D:3      | 1478 ||| UPGRADING to amulet of reflection.
  1483 | D:3      | 1483 ||| UPGRADING to ring of poison resistance.
  1626 | D:3      | Noticed Natasha
  1628 | D:3      | 1628 ||| DRINKING potion of haste.
  1632 | D:3      | Killed Natasha
  1633 | D:3      | Reached skill level 8 in Ranged Weapons
  1773 | D:3      | Noticed Natasha
  1778 | D:3      | Killed Natasha
  1779 | D:3      | Reached skill level 1 in Armour
  1779 | D:3      | Reached XP level 5. HP: 29/29 MP: 7/7
  1782 | D:3      | Noticed Natasha
  1798 | D:3      | Killed Natasha
  2021 | D:3      | 2021 ||| SHOPLISTING +4 ring of protection (432 gold, have
                  | 90).
  2021 | D:3      | 2021 ||| SHOPLISTING +5 ring of evasion (432 gold, have
                  | 90).
  2021 | D:3      | 2021 ||| SHOPLISTING +6 ring of strength (432 gold, have
                  | 90).
  2021 | D:3      | 2021 ||| SHOPLISTING ring "Naurghac" {rPois rC++ Int+2}
                  | (584 gold, have 90).
  2102 | D:3      | 2102 ||| READING 3 scrolls of identify.
  2102 | D:3      | 2102 ||| IDENTIFYING ruby potion
  2103 | D:3      | 2103 ||| READING 2 scrolls of identify.
  2103 | D:3      | 2103 ||| IDENTIFYING amethyst potion
  2104 | D:3      | 2104 ||| READING scroll of identify.
  2104 | D:3      | 2104 ||| IDENTIFYING murky green potion
  2105 | D:3      | 2105 ||| READING scroll labelled RIG YROSIACVUE.
  2106 | D:3      | 2106 ||| READING scroll labelled QILAOC FIEH.
  2107 | D:3      | 2107 ||| DROPPING potion of berserk rage.
  2108 | D:3      | 2108 ||| DROPPING potion of lignification.
  2400 | D:4      | Found a staircase to the Ecumenical Temple.
  2401 | D:4      | 2401 ||| PLANNING TEMPLE
  2401 | D:4      | 2401 ||| READING scroll labelled WASUSM BOJACS.
  2402 | D:4      | 2402 ||| READING scroll labelled YNADOZXYMMID.
  2511 | Temple   | Entered the Ecumenical Temple
  2512 | Temple   | 2512 ||| PLANNING D:1-11
  2592 | D:4      | Noticed a centaur
  2592 | D:4      | Noticed a centaur
  2593 | D:4      | 2593 ||| DRINKING potion of haste.
  2600 | D:4      | HP: 7/29 [centaur (5)]
  2600 | D:4      | Shot with an arrow by a centaur

Levels and vault maps discovered:
D:1:      dpeg_arrival_pond, layout_loops_ring, minmay_misc_feat_plants,
          amcnicky_mini_rare_corridor_liquid, minivault_19
D:2:      layout_rooms, hellmonk_ecumenical_altar_crossroads,
          kennysheep_generic_room_13
D:3:      layout_rooms, serial_shops, nicolae_shop_tiny_glass, uniq_natasha
D:4:      layout_loops_cross, minmay_temple_entry_mini_moons,
          minmay_manual_mares
Temple:   minmay_freezing_vapour_temple

Skill      XL: |  1  2  3  4 |
---------------+-------------+-----
Ranged Weapons | 6 7 8 |  8.8
Armour         | 1 |  1.0
Fighting       | |  1.5
Dodging        | |  2.4
Stealth        | |  1.2

Action                     |  1- 3 |  4- 6 || total
---------------------------+-------+-------++-------
   Fire: Shortbow          |   118 |   119 ||   237
    Use: Scroll            |     5 |     8 ||    13
         Potion            |     1 |     2 ||     3
 Armour: Scale mail        |    90 |    10 ||   100
         Leather armour    |     4 |       ||     4
         Ring mail         |       |    30 ||    30
  Dodge: Dodged            |    43 |    27 ||    70
  Block: Other             |       |     2 ||     2

Table legend:
 A = Non-vault XP
 B = Vault XP
 C = Vault XP percentage of total XP
 D = Non-vault monster count
 E = Vault monster count
 F = Vault count percentage of total count
                 A         B        C        D         E       F
            +---------+---------+-------+---------+---------+-------
      Total |     255 |      37 |  12.7 |      66 |       2 |   2.9
            +---------+---------+-------+---------+---------+-------
        D:1 |      66 |       0 |   0.0 |      26 |       0 |   0.0
        D:2 |      54 |       2 |   3.6 |      22 |       1 |   4.3
        D:3 |      91 |      35 |  27.8 |      13 |       1 |   7.1
        D:4 |      44 |       0 |   0.0 |       5 |       0 |   0.0
            +---------+---------+-------+---------+---------+-------
